 Dungeon Crawl Stone Soup version 0.24.0-2-g5b39cebb1c (webtiles) character file.

Game seed: 16329231993587585389, levelgen mode: deterministic

429 Mrkan the Chopper (level 6, -2/56 HPs)
             Began as a Minotaur Fighter on Oct 29, 2019.
             Was a Follower of Yredelemnul.
             Killed from afar by an orc wizard (4 damage)
             ... with a puff of flame
             ... on level 4 of the Dungeon.
             The game lasted 00:06:14 (3860 turns).

Mrkan the Chopper (Minotaur Fighter)                Turns: 3860, Time: 00:06:15

Health: -2/56      AC: 13    Str: 22    XL:     6   Next: 66%
Magic:  6/6        EV:  4    Int:  5    God:    Yredelemnul [*.....]
Gold:   225        SH: 10    Dex: 10    Spells: 5/5 levels left

rFire    + . .     SeeInvis .   a - +0 war axe
rCold    + . .     Gourm    .   c - +0 shield
rNeg     . . .     Faith    .   w - +0 plate armour
rPois    .         Spirit   .   (helmet restricted)
rElec    .         Reflect  .   v - scarf {rC+ rF+}
rCorr    .         Harm     .   g - +0 pair of gloves
MR       .....                  (no boots)
Stlth    ..........             (no amulet)
HPRegen  0.18/turn              (no ring)
MPRegen  0.10/turn              (no ring)

@: no status effects
A: retaliatory headbutt, horns 2
a: Animate Remains, Renounce Religion


You were on level 4 of the Dungeon.
You worshipped Yredelemnul.
Yredelemnul was aware of your devotion.
You were hungry.

You visited 1 branch of the dungeon, and saw 4 of its levels.

You collected 225 gold pieces.

Inventory:

Hand Weapons
 a - a +0 war axe (weapon)
 t - a +0 fustibalus of velocity
Armour
 c - a +0 shield (worn)
 g - a +0 pair of gloves (worn)
 v - a scarf of resistance (worn)
 w - a +0 plate armour (worn)
Scrolls
 b - 3 scrolls of magic mapping {unknown}
 h - 2 scrolls of amnesia {unknown}
 i - 2 scrolls of identify {unknown}
 j - 6 scrolls of remove curse {unknown}
 m - a scroll of enchant weapon {unknown}
 n - a scroll of fog {unknown}
 o - a scroll of random uselessness {unknown}
 s - a scroll of fear {unknown}
 u - a scroll of immolation {unknown}
Potions
 d - a potion of might
 e - 3 potions of haste {unknown}
 k - 4 potions of brilliance {unknown}
 l - 2 potions of agility {unknown}
 p - 2 potions of lignification {unknown}
 q - 2 potions of curing
 r - a potion of invisibility {unknown}
Comestibles
 f - 9 rations


   Skills:
 + Level 5.0 Fighting
 * Level 5.5 Axes
 + Level 5.0 Armour
 + Level 5.0 Shields
 + Level 1.9 Invocations


You had 5 spell levels left.
You didn't know any spells.
Your spell library was empty.

Dungeon Overview and Level Annotations

Branches:
Dungeon (4/15)
 Temple: D:4-7

Altars:
Cheibriados
Okawaru
Qazlal
Sif Muna
Uskayaw
Vehumet
Yredelemnul


Innate Abilities, Weirdness & Mutations

You reflexively headbutt those who attack you in melee.
You have a pair of horns on your head.


Message History

You barely miss something. Your headbutt misses something.
Something hits you but does no damage. You block something's attack.
You hear some strange, mumbled words.
A magic dart appears from out of thin air!
The magic dart hits you but does no damage.
You hit something. Something hits you but does no damage.
You are electrocuted!
Something hits you but does no damage.
You are electrocuted!
Something hits you but does no damage.
Your plate armour prevents you from hitting something.
You feel yourself speed up. Something hits you but does no damage.
You are electrocuted!
* * * LOW HITPOINT WARNING * * *
Something hits you but does no damage.
You are electrocuted!
* * * LOW HITPOINT WARNING * * *
You hit something.
You hear some strange, mumbled words.
A puff of flame appears from out of thin air!
The puff of flame hits you. You resist.
You die...
Your body rises from the dead as a mindless zombie.

⌠....### #....###
.......### ##..##
..8......### ##...#
.........._# ##....#
8...######## ###.....#
...## #...# ##...#.÷.#
..## ##....###
##...##...## _##
#.......####...####...#
##
........oo{@.....##...#
.........o###.....#...#
..........# ###.......#
...........# ##......#
..........## #####..#
......##### #### ######


You could see 3 orcs.

Vanquished Creatures
  A scorpion (D:4)
  3 orc wizards
  An orc priest (D:3)
  A bullfrog skeleton (D:4)
  Terence (D:3)
  A hound skeleton (D:4)
  3 gnolls (D:3)
  6 adders
  2 oozes
  An adder skeleton (D:4)
  3 worms
  A dart slug (D:3)
  2 leopard geckos
  14 orcs (D:3)
  5 giant cockroaches
  5 hobgoblins
  5 jackals
  4 kobolds
  A quokka (D:4)
  3 ball pythons
  2 bats
  6 frilled lizards
  9 goblins
  A quokka zombie (D:4)
  6 rats
  A spectral orc (D:2)
88 creatures vanquished.

Notes
Turn   | Place    | Note
-------+----------+-------------------------------------------
     0 | D:1      | Mrkan the Minotaur Fighter began the quest for the Orb.
     0 | D:1      | Reached XP level 1. HP: 19/19 MP: 0/0
    65 | D:1      | Reached XP level 2. HP: 23/27 MP: 1/1
   653 | D:2      | Reached XP level 3. HP: 33/33 MP: 2/2
  1289 | D:2      | Reached XP level 4. HP: 40/40 MP: 3/3
  1716 | D:2      | Found a basalt altar of Yredelemnul.
  1723 | D:2      | Became a worshipper of Yredelemnul the Dark
  2055 | D:3      | Reached skill level 1 in Invocations
  2055 | D:3      | Reached XP level 5. HP: 17/47 MP: 4/4
  2364 | D:3      | Reached * piety under Yredelemnul
  2440 | D:3      | Noticed Terence
  2450 | D:3      | Killed Terence
  2922 | D:3      | Reached skill level 5 in Axes
  2922 | D:3      | Reached XP level 6. HP: 52/53 MP: 6/6
  3378 | D:4      | Found a snail-covered altar of Cheibriados.
  3382 | D:4      | Found a shimmering blue altar of Sif Muna.
  3389 | D:4      | Found a radiant altar of Vehumet.
  3389 | D:4      | Found a stormy altar of Qazlal.
  3408 | D:4      | Found an iron altar of Okawaru.
  3574 | D:4      | Found a hide-covered altar of Uskayaw.
  3840 | D:4      | Reached skill level 5 in Shields
  3844 | D:4      | Reached skill level 5 in Fighting
  3856 | D:4      | Reached skill level 5 in Armour
  3859 | D:4      | HP: 1/56 [something (11)]
  3860 | D:4      | Killed from afar by an orc wizard

Levels and vault maps discovered:
D:1:      eino_arrival_tree_alley, layout_loops_ring, minmay_strange_pillars,
          minmay_misc_feat_secret_circle
D:2:      layout_loops_corners, yredelemnul_forgotten_temple_becter
D:3:      layout_loops_ring, first_ration, uniq_terence
D:4:      cheibrodos_helix_gallery, layout_cave_pods,
          eat_drink_and_be_merry_uskayaw, minmay_overflow_temple_star_hex

Skill      XL: |  1  2  3  4  5  6 |
---------------+-------------------+-----
Axes           | 3 4 5 |  5.5
Armour         | 4 5 |  5.0
Fighting       | 4 5 |  5.0
Shields        | 4 5 |  5.0
Invocations    | 1 |  1.9

Action                   |  1- 3 |  4- 6 || total
-------------------------+-------+-------++-------
Melee: War axe           |    82 |   170 ||   252
       Headbutt          |     6 |    26 ||    32
  Eat: Chunk             |     1 |     8 ||     9
Armor: Scale mail        |    31 |     1 ||    32
       Chain mail        |       |    87 ||    87
       Plate armour      |       |    26 ||    26
Dodge: Dodged            |    21 |    21 ||    42
Block: Shield            |    45 |    98 ||   143
